 Seeded DCSS version 0.27-a0-1322-gfdffb62a71 (webtiles) character file.

Game seed: 20210622 (custom seed)

12 muata the Chopper (level 2, 18/27 HPs)
             Began as a Minotaur Berserker on June 22, 2021.
             Was a Follower of Trog.
             Quit the game on level 1 of the Dungeon.
             The game lasted 00:00:32 (64 turns).

muata the Chopper (Minotaur Berserker)                Turns: 64, Time: 00:00:32

Health: 18/27      AC:  2    Str: 21    XL:     2   Next: 20%
Magic:  1/1        EV: 12    Int:  4    God:    Trog [*.....]
Gold:   24         SH:  0    Dex:  9    Spells: 1/1 levels left

rFire    . . .     SeeInvis .   a - +0 hand axe
rCold    . . .     Faith    .   (no shield)
rNeg     . . .     Spirit   .   b - +0 animal skin
rPois    .         Reflect  .   (helmet restricted)
rElec    .         Harm     .   (no cloak)
rCorr    .         Rampage  .   (no gloves)
Will     .....                  (no boots)
Stlth    +.........             (no amulet)
HPRegen  0.09/turn              (no ring)
MPRegen  0.07/turn              (no ring)

@: no status effects
A: horns 2, retaliatory headbutt
a: Renounce Religion, Berserk


You were on level 1 of the Dungeon.
You worshipped Trog.
Trog was aware of your devotion.
You visited 1 branch of the dungeon, and saw 1 of its levels.

You collected 24 gold pieces.

Inventory:

Hand Weapons
 a - a +0 hand axe (weapon)
Armour
 b - a +0 animal skin (worn)
Scrolls
 c - a scroll of noise {unknown}


   Skills:
 + Level 3.9 Fighting
 + Level 4.0 Axes
 + Level 2.6 Armour
 + Level 2.3 Dodging


You had one spell level left.
You didn't know any spells.
Your spell library was empty.

Dungeon Overview and Level Annotations

Branches:
Dungeon (1/15)

Altars:


Innate Abilities, Weirdness & Mutations

You have a pair of horns on your head.
You reflexively headbutt those who attack you in melee.


Message History

The jackal closely misses you. The jackal bites you.
The jackal barks!
You hit the jackal but do no damage.
You hear an angry hiss.
You hear a bark!
The jackal closely misses you.
You slash the jackal!
You kill the jackal!
Trog accepts your kill.
A ball python comes into view.
A bat comes into view.
A jackal comes into view.
You see here a jackal corpse.
You hit the jackal.
The jackal is almost dead.
The bat closely misses you. The jackal barely misses you. x2
You hit the jackal but do no damage.
The jackal is almost dead.
The jackal barely misses you. You furiously retaliate!
You headbutt the jackal!
You kill the jackal!
Trog accepts your kill. The bat misses you.
You have reached level 2!
You hit the bat but do no damage. Your headbutt misses the bat.
The bat hits you. The bat barely misses you.
The bat hits you but does no damage. The ball python bites you.
The ball python closely misses you.
You slash the ball python!
You kill the ball python!
Trog accepts your kill.
You closely miss the jackal. You hit the bat.
You kill the bat!
Trog accepts your kill. The jackal barely misses you. The jackal bites you.
Your Axes skill increases to level 4!
You hit the jackal.
The jackal is lightly wounded.
The jackal barely misses you. You furiously retaliate!
You headbutt the jackal!
You kill the jackal!
Trog accepts your kill.
You see here a jackal corpse.
Are you sure you want to abandon this character and quit the game? (Confirm with "yes".)

........##.# ........#..
.....#...#.# ........#.#
...$........ .. ...
.......###
............#†....##.P#
.#........#.#††@....#
.###......#.#..........
#.##.....#...)###.......
..##.........)# #......
......#...###†###..#....
.#######..###.....#.....
.........†...###....#...
.#.....#.#....# ..## ##
.##...##......# .#


There were no monsters in sight!

Vanquished Creatures
  A ball python (D:1)
  A giant cockroach (D:1)
  A hobgoblin (D:1)
  3 jackals (D:1)
  A quokka (D:1)
  A bat (D:1)
  A frilled lizard (D:1)
  A goblin (D:1)
  A kobold (D:1)
11 creatures vanquished.

Notes
Turn   | Place    | Note
-------+----------+-------------------------------------------
     0 | D:1      | muata the Minotaur Berserker began the quest for the Orb.
     0 | D:1      | Reached XP level 1. HP: 19/19 MP: 0/0
    60 | D:1      | Reached XP level 2. HP: 22/27 MP: 1/1
    62 | D:1      | Reached skill level 4 in Axes
    64 | D:1      | Quit the game

Illustrated notes

Levels and vault maps discovered:
D:1:      roderic_crossed_star, layout_rooms,
          shapermc_ecumenical_altar_mp_ritualfount, st_stairs_9

Skill      XL: |  1  2 |
---------------+-------+-----
Axes           | 4 |  4.0
Fighting       | |  3.9
Armour         | |  2.6
Dodging        | |  2.3

Action                   || total
-------------------------++-------
Melee: Hand axe          ||    16
       Headbutt          ||     2
Armor: Animal skin       ||     3
Dodge: Dodged            ||    19

Table legend: (Time is in decaauts)
 A = Elapsed time spent in this place.
 B = Non-inter-level travel time spent in this place.
 C = Inter-level travel time spent in this place.
 D = Time resting spent in this place.
 E = Time spent auto-exploring this place.
 F = Levels seen in this place.
 G = Mean time per level.
                   A        B        C        D        E       F      G
               +--------+--------+--------+--------+--------+-----+--------+
         Total |     65 |     65 |      0 |      0 |     31 |   1 |   65.0 |
       Dungeon |     65 |     65 |      0 |      0 |     31 |   1 |   65.0 |
               +--------+--------+--------+--------+--------+-----+--------+

Top non-repeatable levels by time:
     D:1: 65 daAuts
